 Dungeon Crawl Stone Soup version 0.30.1-9-gdf580d7c3d (webtiles) character file.

Game seed: 7894692357561827830

1583145 ringo67 the Crack Shot (level 27, 169/169 (172) HPs)
             Began as a Tengu Hunter on Sept 29, 2023.
             Was the Champion of Hepliaklqana.
             Escaped with the Orb
             ... and 3 runes on Oct 1, 2023!
             The game lasted 05:54:12 (78356 turns).

ringo67 the Crack Shot (Tengu Hunter)              Turns: 78356, Time: 05:54:13

HP:   169/169 (172) AC: 44    Str: 18 (20) XL:     27
MP:   30/30         EV: 20    Int: 13      God:    Hepliaklqana [******]
Gold: 4383          SH:  0    Dex: 24 (25) Spells: 18/26 levels left

rFire   + + .        U - +9 triple crossbow (flame)
rCold   + + .        (shield currently unavailable)
rNeg    . . .        Y - +9 scales of the Dragon King {rPois rF+ rC+ Will+}
rPois   +            O - +2 hat of the Bear Spirit {Spirit, Bear, *Rage Will++}
rElec   .            u - scarf {rC+ rF+}
rCorr   .            H - +2 pair of gloves
SInv    .            (boots unavailable)
Will    +++++        l - amulet "Iwne" {Acrobat *Corrode Str+5} Stlth
                     k - +4 ring of protection
HPRegen 0.48/turn    Q - +4 ring of slaying
MPRegen 0.22/turn

%: random rage (20%), corrode self (3%), acrobat, guardian spirit
@: flying quickly and evasively, studying 3 skills, lightly drained, quick
A: reduced essence, beak, talons 3, nimble flight, deterioration 1,
strong-willed 1, subdued magic 1
0: Orb of Zot
}: 3/15 runes: serpentine, barnacled, silver
a: Renounce Religion, Recall Ancestor, Ancestor Identity, Transference, Idealise


You escaped.
You worshipped Hepliaklqana.
Hepliaklqana was exalted by your worship.
You visited 10 branches of the dungeon, and saw 48 of its levels.
You also visited: Bailey and Ice Cave.

You collected 10563 gold pieces.
You spent 6180 gold pieces at shops.

Inventory:

Hand Weapons
 U - a +9 triple crossbow of flaming (weapon)
Missiles
 I - a throwing net
Armour
 a - +2 ice dragon scales
 u - a scarf of resistance (worn)
 H - a +2 pair of gloves (worn)
 O - the +2 hat of the Bear Spirit (worn) {Spirit, Bear, *Rage Will++}
   (You found it in a bailey)

   Bear:      Going berserk makes the wearer exceptionally tough, and they are
   slowed for a shorter time afterward.
   *Rage:     It berserks you when you make melee attacks (+20% chance).
   Will:      It greatly increases your willpower.
 Y - the +9 scales of the Dragon King (worn) {rPois rF+ rC+ Will+}
   (You found it on level 2 of the Lair of Beasts)

   rF:        It protects you from fire.
   rC:        It protects you from cold.
   rPois:     It protects you from poison.
   Will:      It increases your willpower.
Jewellery
 i - the amulet of Yleazech {Spirit rN+ Int+2}
   (You took it off a deep elf annihilator on level 3 of the Elven Halls)

   [amulet of guardian spirit]

   It causes incoming damage to be divided between your reserves of health and
   magic.
   Int:       It affects your intelligence (+2).
   rN:        It protects you from negative energy.
 k - a +4 ring of protection (left hand)
 l - the amulet "Iwne" (around neck) {Acrobat *Corrode Str+5}
   (You found it on level 2 of the Shoals)

   [amulet of the acrobat]

   It increases your evasion while moving and waiting.
   Str:       It affects your strength (+5).
   *Corrode:  It may corrode you when you take damage.
 y - a +5 ring of evasion
 C - a +4 ring of protection
 J - a ring of protection from cold
 Q - a +4 ring of slaying (right hand)
 S - a +6 ring of strength
Wands
 c - a wand of paralysis (55)
 m - a wand of quicksilver (16)
 p - a wand of flame (73)
 q - a wand of mindburst (23)
 t - a wand of iceblast (38)
 E - a wand of digging (24)
 W - a wand of polymorph (12)
Scrolls
 b - a scroll of enchant weapon
 g - 13 scrolls of immolation
 h - 6 scrolls of enchant armour
 r - 3 scrolls of silence
 s - 6 scrolls of fog
 w - 19 scrolls of teleportation
 x - 9 scrolls of amnesia
 D - 2 scrolls of magic mapping
 G - 5 scrolls of poison
 L - a scroll of fear
 Z - 2 scrolls of brand weapon
Potions
 e - 9 potions of brilliance
 f - 5 potions of berserk rage
 j - a potion of heal wounds
 n - 17 potions of curing
 o - 8 potions of might
 v - 7 potions of invisibility
 B - 5 potions of mutation
 F - 4 potions of cancellation
 M - 3 potions of magic
 N - a potion of haste
 P - 3 potions of ambrosia
 R - 7 potions of attraction
 V - 2 potions of resistance


   Skills:
 + Level 24.5 Fighting
 - Level 9.6 Maces & Flails
 - Level 26.0 Ranged Weapons
 + Level 25.1 Armour
 + Level 24.7 Dodging
 - Level 1.0 Stealth
 - Level 7.0 Shields
 - Level 0.5 Hexes
 - Level 8.0 Translocations
 - Level 8.0 Invocations


You had 18 spell levels left.
You knew the following spells:

 Your Spells              Type           Power      Damage    Failure   Level
a - Borgnjor's Vile Clut  Necr/Erth      0%         N/A       100%        5
b - Portal Projectile     Hex/Tloc       16%        N/A       95%         3

Your spell library contained the following spells:

 Spells                   Type           Power      Damage    Failure   Level
 Blink                    Tloc           32%        N/A       26%         2
 Lesser Beckoning         Tloc           32%        N/A       26%         2
 Gell's Gravitas          Tloc           16%        N/A       47%         3
 Teleport Other           Tloc           16%        N/A       47%         3
 Momentum Strike          Conj/Tloc      16%        3d8       82%         2
 Manifold Assault         Tloc           16%        N/A       88%         4
 Vhi's Electric Charge    Tloc/Air       16%        N/A       96%         3
 Freeze                   Ice            0%         1d3       99%         1
 Necrotise                Necr           0%         1d4       99%         1
 Sandblast                Erth           0%         2d4       99%         1
 Cigotuvi's Dreadful Rot  Necr/Pois/Air  0%         N/A       100%        2
 Passwall                 Tmut/Erth      0%         N/A       100%        2
 Sublimation of Blood     Necr           0%         N/A       100%        2
 Wereblood                Tmut           0%         N/A       100%        2
 Call Canine Familiar     Summ           0%         N/A       100%        3
 Frozen Ramparts          Ice            0%         1d1       100%        3
 Hailstorm                Conj/Ice       0%         3d3       100%        3
 Inner Flame              Hex/Fire       0%         N/A       100%        3
 Mephitic Cloud           Conj/Pois/Air  0%         N/A       100%        3
 Ozocubu's Armour         Ice            0%         N/A       100%        3
 Stone Arrow              Conj/Erth      0%         3d7       100%        3
 Swiftness                Air            0%         N/A       100%        3
 Vampiric Draining        Necr           0%         2d6       100%        3
 Airstrike                Air            0%         2d(0-16)  100%        4
 Anguish                  Hex/Necr       0%         N/A       100%        4
 Animate Armour           Summ/Erth      0%         N/A       100%        4
 Animate Dead             Necr           0%         N/A       100%        4
 Cause Fear               Hex            0%         N/A       100%        4
 Flame Wave               Conj/Fire      0%         2d4       100%        4
 Ice Form                 Ice/Tmut       0%         N/A       100%        4
 Leda's Liquefaction      Hex/Erth       0%         N/A       100%        4
 Olgreb's Toxic Radiance  Pois           0%         N/A       100%        4
 Sticky Flame             Conj/Fire      0%         2d3       100%        4
 Summon Ice Beast         Ice/Summ       0%         N/A       100%        4
 Summon Lightning Spire   Summ/Air       0%         N/A       100%        4
 Agony                    Necr           0%         N/A       100%        5
 Arcjolt                  Conj/Air       0%         1d10      100%        5
 Blade Hands              Tmut           0%         N/A       100%        5
 Fireball                 Conj/Fire      0%         3d3       100%        5
 Irradiate                Conj/Tmut      0%         3d11      100%        5
 Lee's Rapid Deconstruct  Erth           0%         3d4*      100%        5
 Metabolic Englaciation   Hex/Ice        0%         N/A       100%        5
 Summon Forest            Summ/Tloc      4%         N/A       100%        5
 Yara's Violent Unravell  Hex/Tmut       0%         3d3       100%        5
 Death Channel            Necr           0%         N/A       100%        6
 Dispersal                Tloc           8%         N/A       100%        6
 Eringya's Noxious Bog    Tmut/Pois      0%         N/A       100%        6
 Iron Shot                Conj/Erth      0%         9d1       100%        6
 Plasma Beam              Fire/Air       0%         2x1d11    100%        6
 Simulacrum               Ice/Necr       0%         N/A       100%        6
 Starburst                Conj/Fire      0%         6d3       100%        6
 Statue Form              Tmut/Erth      0%         N/A       100%        6
 Dragon Form              Tmut           0%         N/A       100%        7
 Enfeeble                 Hex            0%         N/A       100%        7
 Ozocubu's Refrigeration  Ice            0%         4d7       100%        7
 Spellforged Servitor     Conj/Summ      0%         N/A       100%        7
 Storm Form               Tmut/Air       0%         N/A       100%        7
 Summon Hydra             Summ           0%         N/A       100%        7
 Ignition                 Fire           0%         3d3       100%        8
 Maxwell's Capacitive Co  Air            0%         ∞         100%        8
 Dragon's Call            Summ           0%         N/A       100%        9
 Polar Vortex             Ice            0%         N/A       100%        9


Dungeon Overview and Level Annotations

Branches:
Dungeon (15/15)            Temple (1/1) D:5            Lair (5/5) D:11
 Shoals (4/4) Lair:2        Snake (4/4) Lair:2        Slime (0/5) Lair:5
    Orc (2/2) D:10            Elf (3/3) Orc:2        Vaults (5/5) D:14
  Crypt (0/3) Vaults:3     Depths (4/4) D:15            Zot (5/5) Depths:4
 Bailey (visited)           IceCv (visited)

Altars:
Dithmenos
Elyvilon
Gozag
Hepliaklqana
Nemelex Xobeh
Okawaru
Qazlal
Sif Muna
Trog
Uskayaw
Vehumet
Wu Jian
Zin
Jiyva
Lugonu

Shops:
D:7 [   Orc:2 *=*[(   Elf:1 [   Elf:2 (   Elf:3 :=:   Shoals:1 (   Shoals:3 [
Snake:1 [*   Snake:3 ?   Snake:4 ?**   Vaults:1 *   Vaults:3 (*([
Vaults:5 ?!=[??!!!   Depths:1 ([   Depths:4 (

Portals:
Hell: Depths:1 Depths:2 Depths:3 Depths:4
Abyss: Depths:3
Pandemonium: Depths:1 Depths:2
Ziggurat: Depths:2

Annotations:
Shoals:1 2 transporters, Hehairghu's ghost, adept FoFi
Zot:2 1 transporter


Innate Abilities, Weirdness & Mutations

Your life essence is reduced to manifest your ancestor. (-10% HP)
You have a beak for a mouth.
You have claws for feet.
Your magical nature lets you fly swiftly and evasively.
Your body sometimes deteriorates upon taking damage.
You are strong-willed. (Will+)
Your spells are a little easier to cast, but a little less powerful.


Message History

There is a stone staircase leading down here.
Skaldi is recalled.
The cacodemon hits you but does no damage. x2
The cacodemon gestures at you.
The bolt of energy hits you but does no damage.
Skaldi hits the cacodemon with a +0 broad axe of speed!!
Skaldi hits the cacodemon with a +0 broad axe of speed!
The cacodemon gestures at Skaldi.
The bolt of energy hits Skaldi!!
Skaldi hits the cacodemon with a +0 broad axe of speed!!
There is an escape hatch in the ceiling here.
Skaldi gestures wildly while chanting.
Skaldi seems to speed up.
A mysterious force pulls you upwards. The hatch slams shut behind you.
Magic restored.
HP restored.
A demonspawn black sun comes into view. It is wielding a +0 great sword.
The demonspawn black sun shouts!
You hear a chilling moan.
There is an open door here.
The demonspawn black sun utters an invocation to Kikubaaqudgha.
The demonspawn black sun begins absorbing vital energies!
There is a staircase leading out of the dungeon here.
You shoot a bolt.
The bolt hits the demonspawn black sun!!!
The bolt burns the demonspawn black sun!
The demonspawn black sun is heavily wounded.
You shoot a bolt.
The bolt hits the demonspawn black sun!!!
The bolt burns the demonspawn black sun!
You kill the demonspawn black sun!
Fire: U) +9 triple crossbow (flame)
Press: ? - help, Q - select action, (/) - cycle Shift-Dir - straight line You shoot a bolt.
Fire: U) +9 triple crossbow (flame)
Press: ? - help, Q - select action, (/) - cycle Shift-Dir - straight line You shoot a bolt.
Something hits you but does no damage.
Deactivating autopickup; reactivate with Ctrl-A.
Something barely misses you.
You have escaped!

####### ## #.##..# #.
#.##..# #. #.##..### #.
###########.##..#.###.
#....@....#.##..#.##..
#.#..{..#.#...........
#.#.....#.#.##..#.##..
#.........#.##..#.....
##+##+##)##.....>.....
##.........#........#.#
#.##...................
#.##...##.##.##........
#.##...##.##.##....##..


There were no monsters in sight!

Vanquished Creatures
  A dread lich (Zot:5)
  3 orbs of fire
  An ancient lich (Zot:5)
  A juggernaut (Depths:1)
  Vashnia (Snake:3)
  5 Killer Klowns (Zot:5)
  7 golden dragons
  Jory (Vaults:4)
  Nikola (Snake:4)
  A bone dragon (Depths:4)
  2 Tzitzimimeh
  2 electric golems (Zot:1)
  13 tentacled monstrosities
  Zenata (Orc:2)
  3 liches
  20 Orb Guardians
  3 quicksilver dragons
  2 deep elf blademasters (Elf:3)
  2 titans (Vaults:5)
  A walking divine tome (Depths:4)
  Asterion (Vaults:1)
  4 death cobs
  8 acid blobs (Zot:4)
  6 tengu reavers
  8 shadow dragons
  Kirke (Lair:3)
  8 storm dragons
  4 sphinxes
  9 draconian monks
  Roxanne (D:15)
  5 draconian knights
  5 deep elf sorcerers (Elf:3)
  4 nagarajas
  20 vault wardens
  4 fire giants
  A balrug (Depths:1)
  10 draconian scorchers
  Aizul (Depths:1)
  12 frost giants
  4 spectral caustic shrikes (Depths:4)
  A cacodemon (Depths:2)
  5 draconian stormcallers
  The ghost of Nonny the Stormcaller, a journeyman TeAE of Gozag (D:14)
  4 draconian shifters
  4 ghost moths
  2 war gargoyles (Vaults:2)
  16 ironbound preservers
  5 draconian annihilators
  15 stone giants
  22 very ugly things
  6 ironbound thunderhulks
  10 green draconians
  3 vampire knights
  3 deep elf demonologists (Elf:3)
  A demonspawn black sun (D:1)
  10 red draconians
  9 black draconians
  Nessos (Lair:5)
  A bunyip (shapeshifter) (Vaults:5)
  7 purple draconians
  12 white draconians
  16 dire elephants
  The ghost of Ejotwaer the Cleaver, a journeyman MiFi of the Shining One (D:14)
  19 yellow draconians
  8 deep elf annihilators
  11 spark wasps
  5 deep elf death magi
  3 merfolk javelineers (Shoals:4)
  A blizzard demon (Depths:1)
  15 ettins
  Snorg (Lair:5)
  4 fire dragons
  An entropy weaver (Vaults:4)
  5 great orbs of eyes
  The ghost of Calyfret the Cleaver, a journeyman MiGl of Okawaru (D:14)
  3 merfolk impalers
  5 salamander tyrants
  5 yaktaur captains
  6 ice dragons
  8 deep elf high priests
  26 vault guards
  3 peacekeepers
  Josephine (D:12)
  5 hydras
  2 hydras (shapeshifter)
  A death knight (D:15)
  6 ironbound frosthearts
  6 spriggan air magi
  4 ogre magi
  3 rakshasas
  A catoblepas (Lair:5)
  11 centaur warriors
  A caustic shrike simulacrum (Depths:3)
  17 anacondas
  5 merfolk aquamancers (Shoals:4)
  2 merfolk avatars
  6 boulder beetles
  2 death yaks (shapeshifter)
  An alligator snapping turtle (Shoals:4)
  28 dancing weapons
  3 satyrs
  4 death yaks (Lair:5)
  11 two-headed ogres
  11 deep troll shamans
  5 tengu warriors
  11 deep troll earth magi
  9 naga warriors
  4 spriggan berserkers
  The ghost of bairyn the Thaumaturge, a journeyman DESu of Cheibriados (D:12)
  An orc high priest (Orc:1)
  6 shock serpents
  A soul eater (Depths:1)
  A sun demon (Depths:1)
  13 naga sharpshooters
  4 skysharks
  Sonja (D:12)
  12 iron trolls
  4 spriggans
  10 deep elf knights
  10 hell knights
  10 salamander mystics
  A shadow wraith (Vaults:5)
  3 skeletal warriors (D:13)
  A glowing orange brain (shapeshifter) (Depths:2)
  10 sea snakes
  2 flayed ghosts
  A lindwurm (shapeshifter) (Vaults:5)
  6 bog bodies (IceCv)
  4 naga ritualists
  49 deep trolls
  2 spriggan simulacra (IceCv)
  18 deep elf zephyrmancers
  25 ironbound convokers
  11 lindwurms
  An obsidian statue (IceCv)
  13 wizards
  4 deep elf archers
  10 harpies
  6 phantasmal warriors
  A steelbarb worm (shapeshifter) (Vaults:3)
  6 mana vipers
  6 orc knights
  5 necromancers
  37 ugly things
  4 oklob plants
  23 deep elf pyromancers
  2 orc sorcerers
  15 fauns
  3 cyclopes
  20 salamanders
  15 manticores
  25 black mambas
  3 rust devils
  18 moths of wrath
  13 naga magi
  19 slime creatures
  5 merfolk sirens
  12 vault sentinels
  A centaur zombie (D:15)
  A torpor snail (Lair:2)
  4 gargoyles
  3 water nymphs
  A guardian serpent (Snake:4)
  11 elephants
  An orange demon (D:4)
  3 rime drakes
  A smoke demon (D:4)
  11 cane toads
  An unseen horror (D:13)
  10 komodo dragons
  3 anaconda simulacra (IceCv)
  An efreet (D:14)
  5 ice devils
  A hellion (D:6)
  28 yaktaurs
  3 kobold demonologists (D:12)
  18 freezing wraiths
  5 tengu conjurers
  A spark wasp simulacrum (Depths:3)
  A golden dragon simulacrum (IceCv)
  A red devil (Depths:1)
  8 merfolk
  3 polar bears
  4 trolls
  A wolf spider simulacrum (D:15)
  4 hornets
  A hellwing (Depths:1)
  A wind drake (shapeshifter) (Elf:3)
  7 blink frogs
  7 wind drakes
  4 snapping turtles
  Sigmund (D:3)
  A centaur simulacrum (D:15)
  An air elemental (Elf:2)
  A jumping spider (shapeshifter) (Vaults:5)
  2 shadows
  7 wyverns
  A vampire (Bailey)
  6 water elementals
  5 wraiths
  29 yaks
  A fire bat (shapeshifter) (Vaults:5)
  3 fire elementals (Elf:2)
  3 dire elephant simulacra (IceCv)
  3 basilisks
  3 humans (D:14)
  2 chaos spawn
  3 redbacks (Vaults:4)
  2 neqoxecs
  A minotaur simulacrum (IceCv)
  2 vampire mosquitoes (D:10)
  A swamp worm (shapeshifter) (Elf:2)
  2 harpy simulacra (IceCv)
  5 wargs
  33 nagas
  3 acid dragons
  A hydra simulacrum (IceCv)
  13 water moccasins
  4 black bears
  2 ice beasts
  14 orc warriors
  4 alligator simulacra (IceCv)
  28 ogres
  2 ettin simulacra (IceCv)
  3 boggarts (Vaults:2)
  13 wolves
  A centaur (shapeshifter) (Vaults:5)
  6 centaurs
  A phantom (D:5)
  5 kobold brigands
  11 bullfrogs
  A gnoll sergeant (D:5)
  A deep troll simulacrum (IceCv)
  3 earth elementals
  4 scorpions
  4 wights (D:7)
  3 killer bees (D:9)
  A lindwurm simulacrum (IceCv)
  5 electric eels
  5 vampire bats (Bailey)
  9 howler monkeys
  A wolf zombie (Bailey)
  23 jellies
  7 hounds
  Crazy Yiuf (D:3)
  2 gnoll boudas
  15 orc priests
  A sleepcap (D:5)
  Ijyb (D:4)
  16 orc wizards
  Natasha (thrice) (D:2)
  2 iguanas
  10 hell rats
  17 gnolls
  6 adders
  A white imp (D:5)
  2 worms
  3 dart slugs
  76 orcs
  4 ball pythons (D:1)
  6 bats
  8 endoplasms
  2 giant cockroaches
  10 hobgoblins
  6 jackals (D:1)
  25 kobolds
  4 quokkas
  5 frilled lizards
  13 goblins
  12 orc zombies (Bailey)
  2 rats
  4 tentacles (Shoals:4)
1813 creatures vanquished.

Vanquished Creatures (collateral kills)
  An ancient lich (Zot:5)
  Vv (Zot:3)
  2 Killer Klowns (Zot:5)
  3 golden dragons
  6 Orb Guardians (Zot:5)
  8 tentacled monstrosities
  2 titans (Vaults:5)
  A deep elf blademaster (Elf:2)
  4 death cobs
  3 acid blobs (Zot:4)
  A kraken (Shoals:4)
  2 tengu reavers
  4 draconian monks (Zot:1)
  A nagaraja (Snake:4)
  Agnes (Elf:1)
  3 storm dragons
  Donald (Vaults:1)
  A shadow dragon (Zot:4)
  A draconian knight (Zot:1)
  5 vault wardens
  A draconian scorcher (Zot:3)
  A fire giant (Vaults:3)
  2 deep elf sorcerers
  2 frost giants
  A deep elf elementalist (Elf:3)
  2 stone giants
  5 draconian annihilators
  3 draconian stormcallers
  A war gargoyle (Vaults:5)
  7 very ugly things
  3 ironbound thunderhulks
  A draconian shifter (Zot:4)
  2 deep elf demonologists
  8 ironbound preservers
  A vampire knight (Depths:4)
  3 deep elf annihilators (Elf:3)
  2 green draconians
  3 black draconians
  5 yellow draconians
  2 dire elephants (Vaults:1)
  The ghost of Jogov the Destroyer, a journeyman DgHW (D:14)
  2 spark wasps
  2 white draconians
  4 purple draconians
  3 red draconians
  A deep elf death mage (Elf:3)
  2 ettins
  A fire dragon (Depths:3)
  A merfolk impaler (Shoals:1)
  An entropy weaver (Vaults:4)
  A deep elf high priest (Elf:3)
  A great orb of eyes (Vaults:1)
  2 rakshasas (Depths:1)
  13 vault guards
  2 ice dragons
  3 anacondas
  3 spriggan air magi
  A salamander tyrant (Snake:4)
  2 ironbound frosthearts
  A merfolk avatar (Shoals:2)
  A deep troll shaman (Depths:4)
  3 centaur warriors
  6 naga warriors
  3 two-headed ogres
  A spriggan berserker (Depths:1)
  3 dancing weapons
  2 deep troll earth magi
  A shock serpent (Snake:4)
  5 naga sharpshooters
  3 tengu warriors
  2 hell knights (Depths:1)
  3 deep elf knights
  2 skysharks
  An iron troll (Depths:2)
  5 sea snakes
  A salamander mystic (Snake:4)
  12 deep trolls
  A spriggan simulacrum (Depths:3)
  3 glowing orange brains
  3 deep elf archers
  3 ironbound convokers
  2 necromancers
  4 deep elf pyromancers
  A lindwurm (Vaults:1)
  3 deep elf zephyrmancers (Elf:2)
  3 wizards
  3 harpies
  A mana viper (Snake:1)
  11 salamanders
  13 ugly things
  2 manticores
  4 fauns
  4 moths of wrath
  A centaur zombie (D:15)
  A merfolk siren (Shoals:4)
  6 naga magi
  4 black mambas
  2 guardian serpents
  4 cane toads
  A smoke demon (Depths:1)
  6 vault sentinels
  3 gargoyles
  2 orange demons
  4 komodo dragons
  A torpor snail (Lair:2)
  An efreet (D:12)
  13 yaktaurs
  An anaconda simulacrum (IceCv)
  A hellwing (Depths:1)
  A polar bear (Lair:2)
  A merfolk (Shoals:4)
  2 wind drakes
  A hornet (Depths:2)
  6 slime creatures
  4 water elementals
  11 yaks
  3 wraiths
  A wyvern (D:10)
  A hog (Lair:3)
  6 humans (D:14)
  12 nagas
  A steam dragon (D:8)
  A redback (Vaults:4)
  An acid dragon (D:9)
  A water moccasin (Lair:5)
  5 orc warriors
  3 wolves
  An alligator simulacrum (IceCv)
  2 centaurs
  An ogre (Orc:2)
  An earth elemental (Elf:2)
  3 killer bees (D:9)
  A lindwurm simulacrum (IceCv)
  2 howler monkeys (D:9)
  2 vampire bats (Bailey)
  4 wolf zombies (Bailey)
  4 jellies (Zot:4)
  2 orc priests
  6 orc wizards
  2 hell rats
  A white imp (D:7)
  13 orcs
  A goblin (D:9)
  8 kobolds
  10 orc zombies (Bailey)
  A tentacle (Shoals:4)
445 creatures vanquished.

Vanquished Creatures (others)
  2 deep elf master archers (Elf:3)
  A ghost moth (Zot:2)
  A stone giant (Vaults:5)
  5 yaktaur captains
  A vault guard (D:14)
  2 centaur warriors (Vaults:3)
  A deep elf knight (Elf:2)
  2 wizards
  A deep elf pyromancer (Elf:2)
  6 yaktaurs
  A human (Lair:3)
  A golden eye (shapeshifter) (D:12)
  2 nagas (Snake:4)
  54 knights
  2 ancestors (D:8)
  13 tentacles (Shoals:4)
95 creatures vanquished.

Grand Total: 2353 creatures vanquished

Notes
Turn   | Place    | Note
-------+----------+-------------------------------------------
     0 | D:1      | ringo67 the Tengu Hunter began the quest for the Orb.
     0 | D:1      | Reached XP level 1. HP: 12/12 MP: 2/2
   220 | D:1      | Reached XP level 2. HP: 13/17 MP: 3/3
   313 | D:1      | Reached XP level 3. HP: 22/22 MP: 4/4
   342 | D:1      | Reached skill level 5 in Ranged Weapons
   848 | D:2      | Reached XP level 4. HP: 27/27 MP: 5/5
   925 | D:2      | Noticed Natasha
   928 | D:2      | Killed Natasha
   929 | D:2      | Reached skill level 1 in Maces & Flails
  1131 | D:2      | Noticed Natasha
  1136 | D:2      | Killed Natasha
  1137 | D:2      | Gained mutation: Your magical nature lets you fly swiftly
                  | and evasively. [Tengu growth]
  1137 | D:2      | Reached XP level 5. HP: 32/32 MP: 6/6
  1244 | D:2      | Noticed Natasha
  1254 | D:2      | Killed Natasha
  1421 | D:3      | Noticed Sigmund
  1562 | D:3      | Found a runed translucent door.
  1564 | D:3      | Noticed Crazy Yiuf
  2111 | D:3      | Killed Sigmund
  2112 | D:3      | Reached XP level 6. HP: 33/38 MP: 7/7
  2469 | D:3      | Killed Crazy Yiuf
  2470 | D:3      | Reached skill level 6 in Ranged Weapons
  2562 | D:4      | Reached XP level 7. HP: 38/42 MP: 8/8
  3016 | D:4      | Noticed Ijyb
  3017 | D:4      | Paralysed by Ijyb for 5 turns
  3026 | D:4      | Killed Ijyb
  3292 | D:5      | Entered Level 5 of the Dungeon
  3318 | D:5      | Reached skill level 5 in Dodging
  3542 | D:5      | Found the +3 warlock's mirror {omnireflect}
  3591 | D:5      | Found a staircase to the Ecumenical Temple.
  3604 | D:5      | Reached XP level 8. HP: 36/48 MP: 9/9
  3712 | Temple   | Entered the Ecumenical Temple
  3834 | Temple   | Became a worshipper of Hepliaklqana the Forgotten
  3923 | D:5      | Reached skill level 5 in Fighting
  3923 | D:5      | Reached skill level 7 in Ranged Weapons
  4062 | D:5      | Reached skill level 1 in Armour
  4291 | D:5      | Reached skill level 5 in Maces & Flails
  4745 | D:6      | Reached XP level 9. HP: 46/55 MP: 10/10
  5336 | D:7      | Reached * piety under Hepliaklqana
  5502 | D:7      | Found Maeschem's Armour Shop.
  5729 | D:7      | Found a shadowy altar of Dithmenos.
  5729 | D:7      | Found a bloodstained altar of Trog.
  6045 | D:8      | Reached skill level 5 in Armour
  6743 | D:8      | Noticed a hornet
  6754 | D:8      | Paralysed by a hornet for 2 turns
  6756 | D:8      | HP: 2/51 [hornet (10)]
  6787 | D:8      | Killed a hornet
  7052 | D:8      | Reached ** piety under Hepliaklqana
  7053 | D:8      | Remembered your ancestor Skaldi as a knight
  7061 | D:8      | Reached XP level 10. HP: 47/57 MP: 11/11
  7819 | D:9      | Found a flagged portal.
  7825 | Bailey   | Entered a bailey
  8020 | Bailey   | Noticed a gargoyle
  8036 | Bailey   | Killed a gargoyle
  8037 | Bailey   | Reached skill level 8 in Ranged Weapons
  8291 | Bailey   | Found the +2 hat of the Bear Spirit {Spirit, Bear, *Rage
                  | Will++}
  8298 | Bailey   | Identified the +5 flail "Jacrad" {flame, rElec rPois Dex+2}
  8943 | D:10     | Entered Level 10 of the Dungeon
  9010 | D:10     | Reached *** piety under Hepliaklqana
  9010 | D:10     | Noticed a gargoyle
  9023 | D:10     | Killed a gargoyle
  9451 | D:10     | Reached XP level 11. HP: 62/62 MP: 12/12
  9762 | D:10     | Reached skill level 9 in Ranged Weapons
  9789 | D:10     | Found a staircase to the Orcish Mines.
 10075 | D:11     | Noticed a boulder beetle
 10104 | D:10     | Killed a boulder beetle
 10691 | D:11     | Noticed a two-headed ogre
 10697 | D:11     | Killed a two-headed ogre
 10698 | D:11     | Reached skill level 10 in Fighting
 10712 | D:11     | Reached skill level 10 in Ranged Weapons
 10737 | D:11     | Found a staircase to the Lair.
 10747 | D:11     | Found the +9 staff of Olgreb {rPois∞}
 11029 | Lair:1   | Entered Level 1 of the Lair of Beasts
 11073 | Lair:1   | Reached **** piety under Hepliaklqana
 11207 | Lair:1   | Identified the +2 spear of Mekloh {freeze, rElec Str-2
                  | Int+5}
 11394 | Lair:1   | Reached XP level 12. HP: 70/70 MP: 13/13
 12272 | Lair:2   | Found a staircase to the Snake Pit.
 12281 | Lair:2   | Found the +9 scales of the Dragon King {rPois rF+ rC+
                  | Will+}
 12370 | Lair:2   | Noticed a boulder beetle
 12408 | Lair:2   | Killed a boulder beetle
 12409 | Lair:2   | Reached skill level 10 in Dodging
 12442 | Lair:2   | Noticed a five-headed hydra
 12450 | Lair:2   | Killed a five-headed hydra
 12451 | Lair:2   | Reached skill level 11 in Ranged Weapons
 12481 | Lair:2   | Reached ***** piety under Hepliaklqana
 12530 | Lair:2   | Found a staircase to the Shoals.
 12588 | Lair:2   | Found an ornate altar of the Wu Jian Council.
 12590 | Lair:2   | Found a hide-covered altar of Uskayaw.
 12687 | Lair:2   | Noticed an eight-headed hydra
 12694 | Lair:2   | Killed an eight-headed hydra
 12790 | Lair:2   | Noticed a skyshark
 13050 | Lair:2   | Killed a skyshark
 13539 | Lair:3   | Noticed Kirke
 13550 | Lair:3   | Killed Kirke
 13772 | Lair:3   | Reached XP level 13. HP: 75/75 MP: 14/14
 13779 | Lair:3   | Identified the +3 leather armour of the Cockroach {*Corrode
                  | rF+ rC+ Dex+3}
 13900 | Lair:3   | Reached skill level 12 in Ranged Weapons
 14507 | Lair:3   | Found an iron altar of Okawaru.
 14912 | Lair:3   | Identified a scroll of acquirement
 14915 | Lair:3   | Acquired the +9 hand crossbow of the Extremely Mad {heavy,
                  | Int+3}
 15497 | Lair:4   | Reached skill level 10 in Armour
 16022 | Lair:5   | Entered Level 5 of the Lair of Beasts
 16022 | Lair:5   | Noticed Nessos
 16026 | Lair:5   | Noticed Snorg
 16276 | Lair:5   | Killed Snorg
 16311 | Lair:5   | Reached skill level 13 in Ranged Weapons
 16322 | Lair:5   | Killed Nessos
 16571 | Lair:5   | Reached XP level 14. HP: 82/82 MP: 15/15
 16572 | Lair:5   | Reached skill level 1 in Shields
 16577 | Lair:5   | Found a staircase to the Slime Pits.
 16577 | Lair:5   | Found a viscous altar of Jiyva.
 17521 | Lair:5   | Reached ****** piety under Hepliaklqana
 17748 | Orc:1    | Entered Level 1 of the Orcish Mines
 17839 | Orc:1    | Reached skill level 14 in Ranged Weapons
 17929 | Orc:2    | Entered Level 2 of the Orcish Mines
 17929 | Orc:2    | Found a staircase to the Elven Halls.
 18163 | Orc:2    | Reached skill level 5 in Shields
 18770 | Orc:2    | Reached XP level 15. HP: 90/90 MP: 16/16
 18818 | Orc:2    | Found Goopn's Antique Armour Shoppe.
 18818 | Orc:2    | Found Guipud's Jewellery Shop.
 18819 | Orc:2    | Found Necom Meaja's General Store.
 18819 | Orc:2    | Found Icots's General Store.
 18941 | Orc:2    | Found Eskev's Weapon Emporium.
 19492 | D:12     | Noticed Josephine
 19494 | D:12     | Killed Josephine
 19640 | D:12     | Reached skill level 15 in Ranged Weapons
 19707 | D:12     | Noticed bairyn's ghost (journeyman DESu)
 19726 | D:12     | Found a transporter.
 19730 | D:12     | Noticed Sonja
 19734 | D:12     | Killed Sonja
 19803 | D:12     | Found a transporter.
 19898 | D:12     | Found an ornate altar of the Wu Jian Council.
 21450 | D:14     | Reached skill level 15 in Fighting
 21561 | D:14     | Found a gate to the Vaults.
 21829 | D:14     | Found a runed translucent gate.
 21829 | D:14     | Found a runed translucent gate.
 21829 | D:14     | Found a runed translucent gate.
 21831 | D:14     | Noticed Calyfret's ghost (journeyman MiGl)
 21831 | D:14     | Noticed Jogov's ghost (journeyman DgHW)
 21834 | D:14     | Noticed Nonny's ghost (journeyman TeAE)
 21834 | D:14     | Noticed Ejotwaer's ghost (journeyman MiFi)
 22078 | D:15     | Entered Level 15 of the Dungeon
 22111 | D:15     | Noticed Roxanne
 22119 | D:15     | Killed Roxanne
 22120 | D:15     | Reached skill level 16 in Ranged Weapons
 22704 | D:15     | Identified the +4 mace of Cataclysm {heavy, Will+ Int-2
                  | Dex+3}
 22885 | D:15     | Reached XP level 16. HP: 97/97 MP: 17/17
 22922 | D:15     | Found a staircase to the Depths.
 23098 | Snake:1  | Entered Level 1 of the Snake Pit
 23268 | Snake:1  | Found a stormy altar of Qazlal.
 23537 | Snake:1  | Found Ejyudasu's Antique Armour Shoppe.
 23570 | Snake:1  | Reached skill level 1 in Invocations
 23736 | Snake:1  | Found Saemugin's Superlative Supplies.
 25051 | Snake:2  | Reached skill level 17 in Ranged Weapons
 25573 | Snake:3  | Noticed a nagaraja
 25580 | Snake:2  | Killed a nagaraja
 25895 | Snake:3  | Acquired a +0 triple crossbow of flaming
 26318 | Snake:3  | Reached XP level 17. HP: 90/104 MP: 16/21
 26369 | Snake:3  | Got the Opusculum on Permutations and Shadows
 26518 | Snake:3  | Noticed Vashnia
 26684 | Snake:3  | Killed Vashnia
 27087 | Snake:3  | Found Nakhovim's Magic Scroll Boutique.
 27096 | Snake:3  | Bought a scroll of fog for 60 gold pieces
 27324 | Snake:4  | Entered Level 4 of the Snake Pit
 28076 | Snake:4  | Reached skill level 18 in Ranged Weapons
 28250 | Snake:4  | Reached skill level 15 in Armour
 28986 | Snake:4  | Found Bifeisa's Magic Scroll Shoppe.
 28989 | Snake:4  | Found Vusal's Assorted Antiques.
 28991 | Snake:4  | Found Omoneom's Assorted Antiques.
 28999 | Snake:4  | Bought a scroll of enchant weapon for 225 gold pieces
 28999 | Snake:4  | Bought 2 grey potions for 54 gold pieces
 29792 | Snake:4  | Noticed Nikola
 29853 | Snake:4  | Killed Nikola
 30289 | Snake:4  | Bought a scroll of enchant armour for 120 gold pieces
 31175 | Snake:4  | Reached skill level 19 in Ranged Weapons
 31412 | Snake:3  | Reached XP level 18. HP: 82/109 MP: 18/22
 32063 | Snake:4  | Got a serpentine rune of Zot
 32273 | Shoals:1 | Entered Level 1 of the Shoals
 32631 | Shoals:1 | Found Liozo's Weapon Shop.
 32667 | Shoals:1 | Found a transporter.
 32931 | Shoals:1 | Found a transporter.
 32933 | Shoals:1 | Noticed Hehairghu's ghost (adept FoFi)
 33247 | Shoals:2 | Found a frozen archway.
 33269 | IceCv    | Entered an ice cave
 33696 | IceCv    | Reached skill level 20 in Ranged Weapons
 33765 | IceCv    | Found an ancient bone altar of Kikubaaqudgha.
 33977 | IceCv    | Noticed a lich
 33981 | IceCv    | Killed a lich
 34273 | IceCv    | Identified the +1 pair of boots "Jyge" {rF+ Will+ Int+4}
 34489 | Shoals:2 | Identified the amulet "Iwne" {Acrobat *Corrode Str+5}
 34543 | Shoals:2 | Found an ornate altar of the Wu Jian Council.
 34878 | Shoals:3 | Identified the +2 plate armour of the Slorg {Harm rCorr
                  | Int+4}
 35119 | Shoals:3 | Found Qyhaanoth's Armour Shoppe.
 35243 | Shoals:4 | Entered Level 4 of the Shoals
 36012 | Shoals:4 | Reached XP level 19. HP: 58/114 MP: 15/23
 36322 | Shoals:4 | Reached skill level 21 in Ranged Weapons
 36376 | Shoals:4 | Learned a level 5 spell: Borgnjor's Vile Clutch
 36593 | Shoals:4 | Got a barnacled rune of Zot
 36708 | Shoals:4 | Identified the amulet "Downy Ijank" {Rampage Regen+ Dex+2}
 36966 | Vaults:1 | Entered Level 1 of the Vaults
 37898 | Vaults:1 | Noticed Asterion
 37912 | Vaults:1 | Killed Asterion
 38543 | Vaults:1 | Noticed Donald
 38544 | Vaults:1 | Reached skill level 22 in Ranged Weapons
 38549 | Vaults:1 | Killed Donald
 38875 | Vaults:1 | Found Ihennotto's General Store.
 38887 | Vaults:1 | Bought a scroll of enchant weapon for 105 gold pieces
 39105 | Vaults:1 | Reached XP level 20. HP: 82/118 MP: 18/24
 41067 | Vaults:2 | Identified the +9 broad axe of Hatred {heavy, rF+++ rCorr
                  | Dex-2 Stlth+}
 41094 | Vaults:2 | Reached skill level 23 in Ranged Weapons
 42357 | Vaults:3 | Found Issontay's Weapon Emporium.
 42973 | Vaults:3 | Found Gozag's Antique Armour Emporium.
 42975 | Vaults:3 | Found an opulent altar of Gozag.
 42975 | Vaults:3 | Found Gozag's Assorted Antiques.
 42981 | Vaults:3 | Found Gozag's Antique Weapon Emporium.
 43006 | Vaults:3 | Reached XP level 21. HP: 123/123 MP: 25/25
 43199 | Vaults:3 | Bought a runed cloak for 750 gold pieces
 43199 | Vaults:3 | Bought a pair of embroidered gloves for 750 gold pieces
 43261 | Vaults:3 | Reached skill level 24 in Ranged Weapons
 43694 | Vaults:3 | Found a staircase to the Crypt.
 44760 | Vaults:4 | Noticed Jory
 44838 | Vaults:4 | Killed Jory
 45457 | Vaults:4 | Identified the +4 robe of the Howling Gods {rF+ rN++ Str+6}
 46674 | Elf:1    | Entered Level 1 of the Elven Halls
 46713 | Elf:1    | Noticed Zenata
 46870 | Orc:2    | Killed Zenata
 47407 | Elf:1    | Found Xaulowky's Antique Armour Shoppe.
 47407 | Elf:1    | Noticed Agnes
 47411 | Elf:1    | Killed Agnes
 47423 | Elf:1    | Bought quicksilver dragon scales for 1860 gold pieces
 47626 | Elf:1    | Reached skill level 25 in Ranged Weapons
 47771 | Elf:2    | Reached XP level 22. HP: 128/128 MP: 26/26
 48005 | Elf:2    | Found a runed translucent gate.
 48006 | Elf:2    | Found a runed translucent gate.
 48006 | Elf:2    | Found a runed translucent gate.
 48158 | Elf:2    | Found Izihohu's Weapon Emporium.
 48938 | Elf:3    | Entered Level 3 of the Elven Halls
 48938 | Elf:3    | Found a runed translucent gate.
 48938 | Elf:3    | Found a runed translucent gate.
 49209 | Elf:3    | Found a runed translucent gate.
 49685 | Elf:3    | Found Bosearhe's Book Boutique.
 49685 | Elf:3    | Found Xuduamn's Jewellery Shoppe.
 49690 | Elf:3    | Found Giacraqi's Book Boutique.
 49713 | Elf:3    | Bought a +4 ring of slaying for 936 gold pieces
 50294 | Elf:3    | Identified the +8 long sword of Sharkskin {drain, rF++ rN+
                  | Dex-4}
 50308 | Elf:3    | Identified the staff of fire "Diecilin" {rF+ Will+ Str+3}
 50468 | Elf:3    | Identified the amulet of Yleazech {Spirit rN+ Int+2}
 50512 | Elf:3    | Reached skill level 15 in Dodging
 50621 | Elf:3    | Identified the +1 chain mail "Pityinegg" {rN+ Will- rCorr
                  | Int+2}
 50683 | Elf:3    | Identified the +0 arbalest of Corruption {penet, Will++
                  | Dex+8 Stlth-}
 50691 | Elf:3    | Got the Lessons on Unified Contamination
 50695 | Elf:3    | Got the Lessons on Fog and Production
 50717 | Elf:3    | Identified the +0 pair of gloves of Distant Shores {Dex+3}
 50748 | Elf:3    | Learned a level 3 spell: Portal Projectile
 51518 | Depths:1 | Entered Level 1 of the Depths
 51758 | Depths:1 | Found a one-way gate leading to the halls of Pandemonium.
 51815 | Depths:1 | Found a white marble altar of Elyvilon.
 51869 | Depths:1 | You are sucked into a shaft and drop 1 floor!
 51886 | Depths:2 | Reached XP level 23. HP: 109/134 MP: 21/27
 52265 | Depths:1 | Noticed Aizul
 52276 | Depths:1 | Killed Aizul
 52326 | Depths:1 | Reached skill level 26 in Ranged Weapons
 52668 | Depths:1 | Found Tuukhoit's Antique Weapon Shoppe.
 52676 | Depths:1 | Found Yjomenu's Antique Armour Emporium.
 52972 | Depths:1 | Noticed a juggernaut
 53000 | Depths:1 | Killed a juggernaut
 53057 | Depths:1 | Noticed a golden dragon
 53076 | Depths:1 | Killed a golden dragon
 53544 | Depths:1 | Identified the +4 chain mail of Anaesthesia {Regen+}
 53624 | Depths:1 | Found a gateway to Hell.
 54137 | Depths:2 | Identified the +7 short sword "Qarecwoa" {drain, *Noise rC+
                  | Str+6}
 55808 | Depths:2 | Found a one-way gateway to a ziggurat.
 56339 | Depths:2 | Reached XP level 24. HP: 144/144 MP: 27/27
 56679 | Depths:2 | Gained mutation: Your body sometimes deteriorates upon
                  | taking damage. [a cacodemon]
 57042 | D:12     | Killed bairyn's ghost
 57300 | D:14     | Killed Ejotwaer's ghost
 57301 | D:14     | Killed Nonny's ghost
 57302 | D:14     | Killed Calyfret's ghost
 57309 | D:14     | Killed Jogov's ghost
 58420 | Depths:3 | Identified the +2 pair of gloves of Powerful Freedom {*Slow
                  | rElec Regen+ Str+6}
 58491 | Depths:3 | Found a corrupted altar of Lugonu.
 58491 | Depths:3 | Found a one-way gate to the infinite horrors of the Abyss.
 59192 | Depths:3 | Identified the +10 arbalest of Greatest Utility {flame,
                  | rF++}
 59399 | Depths:3 | Acquired 1065 gold pieces
 59506 | Depths:4 | Entered Level 4 of the Depths
 59695 | Depths:4 | Found Soitug's Weapon Boutique.
 61199 | Depths:4 | Found a gate to the Realm of Zot.
 61710 | Vaults:5 | Entered Level 5 of the Vaults
 62237 | Vaults:5 | Reached XP level 25. HP: 153/153 MP: 27/27
 62262 | Vaults:5 | Found Qanuedi's Distillery.
 62262 | Vaults:5 | Found Toguudgh's Distillery.
 63313 | Vaults:5 | Bought a potion of heal wounds for 80 gold pieces
 63378 | Vaults:5 | Found Sorionio's Distillery.
 63645 | Vaults:5 | Found Lisujion's Magic Scroll Boutique.
 63649 | Vaults:5 | Bought a potion of heal wounds for 70 gold pieces
 63649 | Vaults:5 | Bought a potion of heal wounds for 70 gold pieces
 63675 | Vaults:5 | Bought a scroll of blinking for 112 gold pieces
 63675 | Vaults:5 | Bought a scroll of enchant weapon for 112 gold pieces
 63675 | Vaults:5 | Bought a scroll of brand weapon for 142 gold pieces
 63685 | Vaults:5 | Found Zitenno's Armour Boutique.
 63702 | Vaults:5 | Found Pasm's Magic Scroll Shop.
 63708 | Vaults:5 | Bought a scroll of magic mapping for 142 gold pieces
 63708 | Vaults:5 | Bought a scroll of enchant weapon for 142 gold pieces
 63708 | Vaults:5 | Bought a scroll of blinking for 142 gold pieces
 63708 | Vaults:5 | Bought a scroll of fog for 76 gold pieces
 63737 | Vaults:5 | Found Foepros's Distillery.
 63741 | Vaults:5 | Bought a potion of heal wounds for 80 gold pieces
 63778 | Vaults:5 | Found Wydink's Magic Scroll Shoppe.
 63784 | Vaults:5 | Bought a scroll of brand weapon for 152 gold pieces
 63963 | Vaults:5 | Found Tasuof's Jewellery Boutique.
 63974 | Vaults:5 | Got a silver rune of Zot
 64920 | Depths:4 | Lost mutation: Your body sometimes deteriorates upon taking
                  | damage. [potion of mutation]
 64920 | Depths:4 | Gained mutation: Armour fits poorly on your strangely
                  | shaped body. [potion of mutation]
 64920 | Depths:4 | Gained mutation: Your spells are a little easier to cast,
                  | but a little less powerful. [potion of mutation]
 64920 | Depths:4 | Gained mutation: You are weak. (Str -2) [potion of
                  | mutation]
 64920 | Depths:4 | Gained mutation: You are robust. (+10% HP) [potion of
                  | mutation]
 64921 | Depths:4 | Lost mutation: Your spells are a little easier to cast, but
                  | a little less powerful. [potion of mutation]
 64921 | Depths:4 | Lost mutation: You are robust. (+10% HP) [potion of
                  | mutation]
 64921 | Depths:4 | Gained mutation: Your body sometimes deteriorates upon
                  | taking damage. [potion of mutation]
 64922 | Depths:4 | Lost mutation: You are weak. (Str -2) [potion of mutation]
 64922 | Depths:4 | Lost mutation: Armour fits poorly on your strangely shaped
                  | body. [potion of mutation]
 64922 | Depths:4 | Gained mutation: Your flesh is heat resistant. (rF+)
                  | [potion of mutation]
 64928 | Zot:1    | Entered Level 1 of the Realm of Zot
 65588 | Zot:1    | Reached skill level 5 in Invocations
 66469 | Zot:1    | Reached XP level 26. HP: 162/162 MP: 28/28
 67108 | Zot:1    | Found a glowing silver altar of Zin.
 67182 | Zot:1    | Got the Grimoire of Fire and Brimstone
 67196 | Zot:1    | Got the Folio of the Zealot
 70198 | Zot:2    | Reached skill level 1 in Translocations
 70242 | Zot:1    | HP: 8/162 [black draconian knight/bolt of lightning (36)]
 70748 | Zot:2    | Found a transporter.
 71498 | Zot:3    | Noticed Vv
 71518 | Zot:3    | Killed Vv
 73345 | Zot:4    | Reached skill level 5 in Translocations
 73828 | Zot:4    | Reached XP level 27. HP: 169/169 MP: 30/30
 74654 | Zot:5    | Entered Level 5 of the Realm of Zot
 75321 | Zot:5    | Noticed an orb of fire
 75352 | Zot:5    | Killed an orb of fire
 75360 | Zot:5    | Noticed an orb of fire
 75369 | Zot:5    | Noticed an orb of fire
 75384 | Zot:4    | Gained mutation: You occasionally lose the ability to read
                  | scrolls when taking damage. [an orb of fire]
 75386 | Zot:4    | Gained mutation: Your spells are a little easier to cast,
                  | but a little less powerful. [an orb of fire]
 75387 | Zot:4    | Gained mutation: You are occasionally teleported next to
                  | monsters. [an orb of fire]
 75388 | Zot:4    | Killed an orb of fire
 75524 | Zot:5    | Killed an orb of fire
 75524 | Zot:5    | Noticed an ancient lich
 76006 | Zot:4    | Lost mutation: You occasionally lose the ability to read
                  | scrolls when taking damage. [potion of mutation]
 76006 | Zot:4    | Lost mutation: You are occasionally teleported next to
                  | monsters. [potion of mutation]
 76006 | Zot:4    | Lost mutation: Your flesh is heat resistant. (rF+) [potion
                  | of mutation]
 76006 | Zot:4    | Gained mutation: You are strong-willed. (Will+) [potion of
                  | mutation]
 76651 | Zot:5    | Noticed a dread lich
 76661 | Zot:5    | Killed a dread lich
 76902 | Zot:5    | Killed an ancient lich
 77255 | Zot:5    | Noticed an ancient lich
 77258 | Zot:5    | Killed an ancient lich
 77343 | Zot:5    | Got the Orb of Zot
 77512 | Zot:1    | Noticed Fousos the pandemonium lord
 77816 | D:15     | Noticed Lehi the pandemonium lord
 78072 | D:6      | Noticed Joupnieq the pandemonium lord
 78274 | D:4      | Noticed Ehuoc the pandemonium lord
 78356 | D:$      | Escaped with the Orb!

Illustrated notes

Levels and vault maps discovered:
D:1:      lemuel_arrival_behind_the_door_small, layout_basic, st_stairs_11,
          minmay_tall_x
D:2:      layout_rooms, mrwooster_statue_mirror, uniq_natasha
D:3:      layout_rooms, serial_forest, infiniplex_forest_clump_tiny,
          infiniplex_forest_clump_long, infiniplex_forest_clump_curved,
          infiniplex_forest_lined_room_3, infiniplex_forest_3_way,
          infiniplex_forest_corner_2, infiniplex_forest_corner_2,
          infiniplex_forest_end_3, uniq_crazy_yiuf_cottage, uniq_sigmund
D:4:      layout_rooms, uniq_ijyb
D:5:      layout_loops_ring, minmay_temple_entry_proselytizer
D:6:      layout_basic, kennysheep_small_spiral
D:7:      layout_cave_pools, grunt_temple_overflow_open, serial_shops,
          nicolae_shop_behind_doors
D:8:      layout_layer_cave
D:9:      layout_roguey, enter_bailey_3, lemuel_flamethrower_1
D:10:     layout_irregular_city, erik_orc_2
D:11:     layout_long_grid, erik_lair_orcish_takeover
D:12:     layout_basic, nzn_ghost_randoct, grunt_ministairs_3,
          nicolae_wu_jian_wuxing_cycle, uniq_josephine, uniq_sonja
D:13:     layout_loops_cross, serial_bayou, serial_bayou_lagoon_a,
          serial_bayou_shore_b, serial_bayou_crossing, serial_bayou_pond_e,
          minmay_misc_feat_five, chequers_serial_rivers_small_3
D:14:     layout_irregular_city, ximxim_vaults_locker_room,
          gammafunk_ghost_cemetery, minmay_misc_feat_pillars, item_on_display_a
D:15:     grunt_enter_depths_magical_seal, layout_cave_pods,
          corexii_corridor_pit, uniq_roxanne
Temple:   mainiacjoe_temple_big_plus
Lair:1:   layout_layer_cave
Lair:2:   nzn_winding_woodlands_small [nzn_winding_woodlands_5x15_eye,
          nzn_winding_woodlands_center_garden,
          nzn_winding_woodlands_5x15_twine], layout_misc_corridors,
          minmay_shoals_entry_beasts, st_stairs_5,
          nicolae_lair_grove_arrangements, serial_bayou_pond_b,
          chequers_serial_rivers_micro_b, nzn_masters_of_martial_movement
Lair:3:   layout_cave_pods, basic_altar, uniq_kirke
Lair:4:   layout_long_grid, beast_lair_carwin_8, infiniplex_staircase_pool_2
Lair:5:   grunt_lair_end_beastmaster, layout_layer_cave,
          minmay_slime_entry_pillars, lemuel_fruit_tree, uniq_snorg, uniq_nessos
Shoals:1: layout_shoals, ebering_ghost_davey_jones, serial_shops,
          nicolae_square_shop
Shoals:2: layout_shoals, portal_ice_cave_entry_pillars_1, abandoned_shop,
          lemuel_altar_in_water
Shoals:3: layout_shoals, serial_shops, nicolae_square_shop
Shoals:4: shoals_end_grunt_ice, layout_shoals
Snake:1:  layout_basic, serial_shops, nicolae_shop_real_fake_doors, basic_altar,
          nicolae_alphabet_shops
Snake:2:  layout_basic, nicolae_snake_lava_pool
Snake:3:  layout_misc_corridors, serial_shops, shop_scrolls, uniq_vashnia
Snake:4:  grunt_snake_rune_pools, layout_cave_town, serial_bayou_shore_a,
          minmay_shop_star, uniq_nikola
Orc:1:    layout_caves, serial_shops
Orc:2:    st_orc_ogre_mass, layout_diamond_mine, serial_shops, shop
Elf:1:    nicolae_elf_arrival_fired_up, layout_loops_ring, serial_shops, shop,
          hangedman_elf_represent, grunt_megastairs_3, uniq_agnes, uniq_zenata
Elf:2:    nicolae_elf_blades_crystal_corner, layout_geoelf_diagonals,
          serial_shops, shop
Elf:3:    minmay_elf_hall_curves, layout_loops_corners,
          nicolae_elf_hall_of_bonks, minmay_shop_grove
Vaults:1: vaults_standard_mumra_enter_the_diamond, nicolae_vaults_apartment_2,
          nicolae_vaults_cornered_office, nicolae_vaults_what_the_h,
          nicolae_vaults_twisting_passages, nicolae_vaults_surprise_closet_hard,
          nicolae_vaults_sightless_eye, vaults_room_hallway,
          nicolae_vaults_rhombus_6, nicolae_vaults_trapezoid_4,
          vaults_dpeg_ring, nicolae_vaults_variable_pillar_hall,
          layout_vaults_quadrants, serial_shops, shop, uniq_asterion,
          uniq_donald
Vaults:2: nicolae_vaults_trapezoid_1, v_misc_3,
          nicolae_vaults_offset_grid_hallway_1,
          nicolae_vaults_storage_room_glass, hangedman_vaults_capsules,
          v_rooms_2, v_misc_9, nicolae_vaults_little_squares_3,
          hangedman_vaults_river_flow, nicolae_vaults_octothorpe,
          nicolae_vaults_surprise_closet, layout_vaults_chaotic_city
Vaults:3: kennysheep_vaults_gozag_temple, nicolae_vaults_apartment_1,
          nicolae_vaults_oval_intersection, ontoclasm_vaults_ring_square,
          vaults_mumra_lcd, hangedman_vaults_restitches, vaults_mumra_hex,
          ontoclasm_vaults_eye, vaults_standard_mumra_enter_the_diamond,
          minmay_crypt_entry_simple_statues, nicolae_vaults_sealed_display,
          layout_vaults_omnicross, serial_shops, nicolae_shop_advertising_works
          [nicolae_subvault_shop_adworks]
Vaults:4: v_alt_pattern_6, st_quartered_hall, nicolae_vaults_mini_display_case,
          v_misc_23, grunt_vaults_diagonal, vaults_mumra_minichess_inversion,
          nicolae_vaults_two_Ls, grunt_vaults_funnel, layout_vaults_ring,
          uniq_jory
Vaults:5
Depths:1: minmay_the_grid_triangle_9x9_line_8_mashed
          [minmay_the_grid_triangle_9x9_flanged_cone,
          minmay_the_grid_triangle_9x9_semitri,
          minmay_the_grid_triangle_9x9_longest,
          minmay_the_grid_triangle_9x9_zippers_horizontal,
          minmay_the_grid_triangle_9x9_corrupted_corridor,
          minmay_the_grid_triangle_9x9_sprig,
          minmay_the_grid_triangle_9x9_checkered,
          minmay_the_grid_triangle_9x9_prize_center], layout_cave_shapes,
          lightli_too_deep, hangedman_decor_clover_reticule,
          grunt_pan_entry_spiral, elyvilon_altar_3, minmay_shoptagon, uniq_aizul
Depths:2: minmay_eight_partial_circles, layout_cave_pools, enter_ziggurat_a,
          rand_demon_pan_entry_7, pf_coc_iceberg
Depths:3: grunt_bruiser_brothers, layout_basic, pf_vacation_house_of_asmodeus,
          nicolae_two_hexagons, abyss_entry_flame_altar
Depths:4: grunt_zot_entry_bicorn, layout_basic, serial_shops,
          nicolae_shop_mannequins, pf_hell_entry_tar_river,
          infiniplex_staircase_pool_lava
Zot:1:    nicolae_zot_draconian_monastery, layout_basic
Zot:2:    kennysheep_bubbly, layout_onion_interference, nicolae_diode_basic
Zot:3:    layout_gridlike, uniq_vv
Zot:4:    lemuel_acid_trip, layout_onion, uniq_josephina
Zot:5:    layout_misc_corridors

Skill      XL: |  1  2  3  4  5  6  7  8  9 10 11 12 13 14 15 16 17 18 19 20 21 22 23 24 25 26 27 |
---------------+----------------------------------------------------------------------------------+-----
Ranged Weapons | 5 6 7 8 10 11 13 14 16 17 19 20 22 23 25 26 | 26.0
Dodging        | 3 4 5 7 9 10 12 13 15 18 20 22 23 24 | 24.7
Maces & Flails | 1 2 3 4 5 7 9 |  9.6
Fighting       | 3 4 6 7 8 10 11 12 14 15 16 17 19 20 22 23 24 | 24.5
Armour         | 3 6 8 10 12 13 16 18 20 21 23 24 25 | 25.1
Shields        | 6 7 |  7.0
Invocations    | 4 5 8 |  8.0
Translocations | 5 8 |  8.0
Stealth        | |  1.0
Hexes          | |  0.5

Action                     |  1- 3 |  4- 6 |  7- 9 | 10-12 | 13-15 | 16-18 | 19-21 | 22-24 | 25-27 || total
---------------------------+-------+-------+-------+-------+-------+-------+-------+-------+-------++-------
  Melee: Demon whip        |    10 |    15 |   202 |    63 |    69 |    28 |       |       |       ||   387
         Kick              |     2 |     5 |    59 |    28 |    29 |    12 |       |       |       ||   135
         Peck              |       |     2 |    41 |    12 |    23 |     8 |       |       |     1 ||    87
         Shortbow          |       |     2 |       |       |       |       |       |       |       ||     2
         Punch             |       |       |     4 |       |       |       |       |       |       ||     4
         Triple crossbow   |       |       |       |       |       |       |       |       |     2 ||     2
   Fire: Shortbow          |    75 |    78 |   176 |   297 |       |       |       |       |       ||   626
         Arbalest          |       |       |       |   284 |    87 |       |       |       |       ||   371
         Hand crossbow     |       |       |       |       |   486 |   155 |       |       |       ||   641
         Triple crossbow   |       |       |       |       |       |   650 |   883 |  1017 |  1046 ||  3596
         Longbow           |       |       |       |       |       |    16 |       |       |       ||    16
 Invoke: Ancestor Life: Kn |       |       |     1 |       |       |       |       |       |       ||     1
         Ancestor Identity |       |       |     1 |       |       |       |       |       |       ||     1
         Recall Ancestor   |       |       |       |     8 |    10 |    15 |     9 |    16 |    19 ||    77
         Transference      |       |       |       |     1 |       |       |       |       |     5 ||     6
         Idealise          |       |       |       |       |       |     1 |     1 |       |     2 ||     4
  Evoke: Wand              |       |       |     1 |       |       |     1 |       |       |       ||     2
    Use: Potion            |       |       |     2 |       |     1 |     3 |     3 |     4 |    17 ||    30
         Scroll            |       |       |       |       |    23 |    26 |     9 |    10 |    15 ||    83
   Stab: Distracted        |       |       |     1 |       |       |     2 |       |       |       ||     3
 Armour: Leather armour    |     5 |     2 |       |       |       |       |       |       |       ||     7
         Ring mail         |       |     4 |    80 |       |       |       |       |       |       ||    84
         Acid dragon scale |       |       |       |    49 |    51 |    20 |       |       |       ||   120
         Plate armour      |       |       |       |       |       |   139 |       |       |       ||   139
         Ice dragon scales |       |       |       |       |       |    41 |    41 |       |       ||    82
         Gold dragon scale |       |       |       |       |       |       |   209 |   338 |   347 ||   894
  Dodge: Dodged            |     8 |    23 |   189 |   255 |   270 |   382 |   302 |   380 |   524 ||  2333
  Block: Other             |       |       |       |    15 |    38 |    75 |       |       |       ||   128
         Reflection        |       |       |       |     1 |    15 |    25 |       |       |       ||    41
         Buckler           |       |       |       |       |   141 |    76 |       |       |       ||   217
